 Dungeon Crawl Stone Soup version 0.18-a0-1577-gf591c28 (webtiles) character file.

80 Ijustatesigmund the Insei (level 4, -1/31 HPs)
             Began as an Octopode Transmuter on Mar 17, 2016.
             Shot with a stone by a goblin (3 damage)
             ... led by Robin
             ... on level 2 of the Dungeon.
             The game lasted 00:05:58 (1513 turns).

Ijustatesigmund the Insei (Octopode Transmuter)     Turns: 1513, Time: 00:05:59

Health: -1/31      AC:  2    Str:  9    XL:     4   Next: 39%
Magic:  4/7        EV: 19    Int: 16    God:
Gold:   44         SH:  0    Dex: 17    Spells: 3 memorised, 1 level left

rFire  . . .     SeeInvis .       - Unarmed
rCold  . . .     Gourm    .     (shield currently unavailable)
rNeg   . . .     Faith    .     (helmet currently unavailable)
rPois  x         Spirit   .     (no amulet)
rElec  .         Dismiss  .     (no ring)
rCorr  .         Reflect  .     (no ring)
SustAt .         Harm     .     (no ring)
MR     .....                    (no ring)
Stlth  ++........               (no ring)
                                (no ring)
                                (no ring)
                                (no ring)

@: spider-form, not resistant to hostile enchantments, unstealthy
A: almost no armour, (amphibious), 8 rings, (constrict 8), (camouflage 0),
(gelatinous body 0)
a: End Transformation


You were on level 2 of the Dungeon.
You were not hungry.
You were a venomous arachnid creature.
You visited 1 branch of the dungeon, and saw 2 of its levels.

You collected 44 gold pieces.

Inventory:

Missiles
 a - 51 arrows
 k - a throwing net (quivered)
Armour
 i - a +2 large shield
Scrolls
 d - a scroll of remove curse
 j - 3 scrolls of identify
Potions
 f - a potion of brilliance
 g - a potion of haste
 l - a potion of flight
Books
 b - a book of Changes

   Spells                             Type                      Level
   a - Beastly Appendage              Transmutation                1
   b - Sticks to Snakes               Transmutation                2
   c - Spider Form                    Transmutation/Poison         3
   d - Ice Form                       Ice/Transmutation            4
   e - Blade Hands                    Transmutation                5
Comestibles
 c - a bread ration


   Skills:
 + Level 3.2 Fighting
 - Level 2.0 Dodging
 * Level 3.5 Unarmed Combat
 - Level 2.0 Spellcasting
 - Level 2.0 Transmutations
 * Level 1.7 Poison Magic


You had one spell level left.
You knew the following spells:

 Your Spells              Type           Power        Failure   Level  Hunger
a - Beastly Appendage     Trmt           #.....       24%         1    #......
b - Sticks to Snakes      Trmt           #.......     32%         2    ###....
c - Spider Form           Trmt/Pois      #.........   56%         3    ###....


Dungeon Overview and Level Annotations

Branches:
Dungeon (2/15)

Altars:
Nemelex Xobeh

Annotations:
D:2 Robin


Innate Abilities, Weirdness & Mutations

You cannot wear most types of armour.
((You are amphibious.))
You can wear up to eight rings at the same time.
((You can use your tentacles to constrict eight enemies at once.))
((Your skin changes colour to match your surroundings (Stealth).))
((Your rubbery body absorbs attacks (AC +1).))


Message History

* * * LOW HITPOINT WARNING * * *
The goblin completely misses you.
Casting: Beastly Appendage
Confirm with . or Enter, or press ? or * to list all spells.
You turn into a venomous arachnid creature.
The goblin shoots a stone.
The stone barely misses you.
The stone closely misses the goblin.
The rat closely misses you. The goblin completely misses you.
The goblin hits you.
* * * LOW HITPOINT WARNING * * *
You hit the goblin.
You kill the goblin!
The goblin misses you. The rat misses you.
The goblin shoots a stone.
The stone closely misses you. Robin throws the goblin at you!
* * * LOW HITPOINT WARNING * * *
The goblin misses you. The rat barely misses you.
Things that are here:
a club; a goblin corpse You closely miss the goblin.
The goblin shoots a stone.
The stone hits you.
You die...

#####. ###. #... #.#.
*#### #.#.
##...##########.#.
######(....#...........
#....g..$..#.#######...
#.####sr...#,* ##... #.#
#(g...#,* #.... #.#
#g###...######.... ##.##
#g#**,##.......#.#
##...###gg,,,**.#####...#
#.....###.,,,,,,,,,*##..#
##....# *..,,*****,* #..#
##.#.# *..,,* *,* #..#
###.# *...,* *,###...


You could see Robin, a hobgoblin (frenzied), 4 goblins and a rat.

Vanquished Creatures
  Jessica (D:2)
  An adder (D:2)
  2 worms (D:2)
  2 giant geckos
  2 ball pythons (D:1)
  2 bats
  4 giant cockroaches (D:1)
  7 goblins
  5 hobgoblins
  3 kobolds
  A quokka (D:2)
  4 giant newts
  5 rats
39 creatures vanquished.

Notes
Turn   | Place    | Note
--------------------------------------------------------------
     0 | D:1      | Ijustatesigmund the Octopode Transmuter began the quest for the Orb.
     0 | D:1      | Reached XP level 1. HP: 13/13 MP: 3/3
   146 | D:1      | Reached XP level 2. HP: 16/19 MP: 5/5
   175 | D:1      | Learned a level 2 spell: Sticks to Snakes
   436 | D:1      | Found a sparkling altar of Nemelex Xobeh.
   724 | D:1      | Reached XP level 3. HP: 25/25 MP: 6/6
   742 | D:1      | Learned a level 3 spell: Spider Form
   778 | D:2      | Noticed Jessica
   785 | D:2      | Killed Jessica
   785 | D:2      | Reached skill level 1 in Poison Magic
  1014 | D:2      | Reached XP level 4. HP: 28/31 MP: 5/7
  1503 | D:2      | Noticed Robin
  1513 | D:2      | Shot with a stone by a goblin

Vault maps used:
D:1:      dpeg_arrival_another_circle, nemelex_deck
D:2:      uniq_jessica, uniq_robin

Skill      XL: |  1  2  3 |
---------------+----------+-----
Fighting       | 2 3 |  3.2
Poison Magic   | 1 |  1.7
Dodging        | |  2.0
Unarmed Combat | |  3.5
Spellcasting   | |  2.0
Transmutations | |  2.0

Action                   |  1- 3 |  4- 6 || total
-------------------------+-------+-------++-------
Melee: Unarmed           |    57 |    25 ||    82
 Cast: Beastly Appendage |     2 |     3 ||     5
       Sticks to Snakes  |     2 |     1 ||     3
       Spider Form       |       |     1 ||     1
  Use: Scroll            |     2 |     6 ||     8
       Potion            |       |     1 ||     1
 Stab: Sleeping          |    11 |     1 ||    12
  Eat: Pizza             |       |     1 ||     1
       Chunk             |       |     1 ||     1
